 Dungeon Crawl Stone Soup version 0.31-a0-237-g2d982f9 (webtiles) character file.

Game seed: 16088864001328496937

3 Dawnplanks the Gusty (level 1, -1/10 HPs)
             Began as a Tengu Air Elementalist on July 11, 2023.
             Killed from afar by a dart slug (3 damage)
             ... with a slug dart
             ... on level 1 of the Dungeon.
             The game lasted 00:00:27 (133 turns).

Dawnplanks the Gusty (Tengu Air Elementalist)        Turns: 133, Time: 00:00:28

Health: -1/10      AC:  2    Str:  8    XL:     1   Next: 50%
Magic:  0/4        EV: 12    Int: 21    God:
Gold:   15         SH:  0    Dex: 14    Spells: 3/4 levels left

rFire   . . .        f - +0 rapier
rCold   + . .        (no shield)
rNeg    . . .        a - +0 robe
rPois   .            (helmet restricted)
rElec   .            (no cloak)
rCorr   .            (no gloves)
SInv    .            (boots unavailable)
Will    .....        (no amulet)
Stlth   ++           c - ring of protection from cold
HPRegen 0.21/turn    e - +6 ring of intelligence
MPRegen 0.09/turn

%: no passive effects
@: no status effects
A: beak, talons 3
a: no special abilities


You were on level 1 of the Dungeon.
You visited 1 branch of the dungeon, and saw 1 of its levels.

You collected 15 gold pieces.

Inventory:

Hand Weapons
 f - a +0 rapier (weapon)
Armour
 a - a +0 robe (worn)
Jewellery
 c - a ring of protection from cold (left hand)
 e - a +6 ring of intelligence (right hand)
Scrolls
 d - a scroll of blinking {unknown}
Potions
 b - a potion of magic


   Skills:
 + Level 2.3 Dodging
 - Level 2.0 Stealth
 + Level 2.0 Spellcasting
 + Level 1.3 Conjurations
 + Level 4.1 Air Magic


You had 3 spell levels left.
You knew the following spells:

 Your Spells              Type           Power      Damage    Failure   Level
a - Shock                 Conj/Air       52%        1d6       4%          1

Your spell library contained the following spells:

 Spells                   Type           Power      Damage    Failure   Level
 Static Discharge         Conj/Air       26%        2-4/arc   7%          2
 Swiftness                Air            19%        N/A       9%          3
 Airstrike                Air            9%         2d(2-18)  26%         4


Dungeon Overview and Level Annotations

Branches:
Dungeon (1/15)

Altars:


Innate Abilities, Weirdness & Mutations

You have a beak for a mouth.
You have claws for feet.


Message History

You kill the kobold!
You can't see any susceptible monsters within range! (Use Z to cast anyway.)
d - a scroll labelled NOS PA NEMM
There is an escape hatch in the floor here.
e - a +6 ring of intelligence You feel clever.
e - a +6 ring of intelligence (right hand)
Found 5 stones.
You see here a +0 rapier.
f - a +0 rapier
f - a +0 rapier (weapon)
A dart slug comes into view.
You miscast Shock.
You are very lightly contaminated with residual magic.
Nothing appears to happen.
The zap hits the dart slug.
The dart slug is moderately wounded.
The zap hits the dart slug.
The dart slug is moderately wounded.
The zap hits the dart slug.
The dart slug is almost dead.
The dart slug launches a dart at you. The slug dart hits you.
You are out of magic!
You are out of magic!
A dart slug is nearby!
Found a club.
The dart slug launches a dart at you. The slug dart hits you.
The dart slug launches a dart at you. The slug dart hits you.
* * * LOW HITPOINT WARNING * * *
Your magical contamination has completely faded away.
You are too injured to fight recklessly!
You are too injured to fight recklessly!
A hobgoblin comes into view.
The hobgoblin shouts!
The dart slug launches a dart at you. The slug dart hits you.
You die...

#. . #.###.. . ... +...
#. #.# #... #) #
++++++#.# .... .# .#
+....+..###+#.##w##.##.#
+....+............(....#
+..<.'.........@.......#
+....+.................#
+++++++#.###.#..........#
.......#.# #............#
..##.....###..........#.
......................#
......................#
#.#...................#
..........#...........#


You could see a dart slug.

Vanquished Creatures
  An endoplasm (D:1)
  A kobold (D:1)
  A frilled lizard (D:1)
3 creatures vanquished.

Notes
Turn   | Place    | Note
-------+----------+-------------------------------------------
     0 | D:1      | Dawnplanks the Tengu Air Elementalist began the quest for
                  | the Orb.
     0 | D:1      | Reached XP level 1. HP: 10/10 MP: 4/4
   133 | D:1      | Killed from afar by a dart slug

Illustrated notes

Levels and vault maps discovered:
D:1:      lightli_arrival_maybe_door_vault, layout_basic, minivault_26,
          kennysheep_pointless_box, minmay_tall_x

Action                     || total
---------------------------++-------
   Cast: Shock             ||     8

Table legend: (Time is in decaauts)
 A = Elapsed time spent in this place.
 B = Non-inter-level travel time spent in this place.
 C = Inter-level travel time spent in this place.
 D = Time resting spent in this place.
 E = Time spent auto-exploring this place.
 F = Levels seen in this place.
 G = Mean time per level.
                   A        B        C        D        E       F      G
               +--------+--------+--------+--------+--------+-----+--------+
         Total |    131 |    124 |      7 |      0 |     99 |   1 |  131.0 |
       Dungeon |    131 |    124 |      7 |      0 |     99 |   1 |  131.0 |
               +--------+--------+--------+--------+--------+-----+--------+

Top non-repeatable levels by time:
     D:1: 131 daAuts
